 Dungeon Crawl Stone Soup version 0.18-a0-1312-gf98331d (webtiles) character file.

136205 KarvaRausku the Fighter (level 17, 0/140 HPs)
             Began as a Formicid Fighter on Feb 14, 2016.
             Was the Champion of Okawaru.
             Slain by a harpy (8 damage)
             ... on level 3 of the Shoals on Feb 15, 2016.
             The game lasted 03:41:56 (32876 turns).

KarvaRausku the Fighter (Formicid Fighter)         Turns: 32876, Time: 03:41:57

Health: 0/140      AC: 27    Str: 36    XL:     17   Next: 80%
Magic:  0/23       EV: 15    Int: 12    God:    Okawaru [******]
Gold:   2080       SH: 22    Dex: 12    Spells: 2 memorised, 13 levels left

rFire  . . .     SeeInvis +     b - +10 demon trident of Circularity {venom, *Noise MR+ Str+5}
rCold  . . .     Gourm    .     B - +5 chain mail "Wipn" {*Drain Str+4 SInv}
rNeg   + . .     Faith    .     Y - +0 large shield of Incorporation {-Cast rN+ Int+3}
rPois  .         Spirit   +     (helmet unavailable)
rElec  .         Dismiss  .     o - +2 cloak
rCorr  .         Reflect  .     i - +1 pair of gloves of the Black Moon {Str+2}
SustAt .         Harm     .     M - +0 pair of boots {Fly}
MR     ++...     Clarity  +     y - amulet of guardian spirit
Stlth  .......... NoCast   +    N - +2 ring of evasion
                                l - +2 ring of protection

@: flying, very resistant to hostile enchantments, extremely unstealthy
A: permanent stasis, dig shafts and tunnels, four strong arms, antennae 3,
clarity, screaming 2
a: Dig, Shaft Self, Heroism, Finesse, Renounce Religion, Stop Flying


You were on level 3 of the Shoals.
You worshipped Okawaru.
Okawaru was exalted by your worship.
You were not hungry.

You visited 5 branches of the dungeon, and saw 27 of its levels.
You also visited: Sewer, Ice Cave and Volcano.

You collected 2768 gold pieces.
You spent 652 gold pieces at shops.

Inventory:

Hand Weapons
 a - the +13 sword of the Doom Knight {pain, -Cast MR+}
   (Okawaru gifted it to you on level 3 of the Shoals)

   In the hands of one skilled in necromantic magic, it inflicts extra damage on
   living creatures.
   It affects your resistance to hostile enchantments.
   It prevents spellcasting.
 b - the +10 demon trident of Circularity (weapon) {venom, *Noise MR+ Str+5}
   (Okawaru gifted it to you on level 2 of the Lair of Beasts)

   It poisons the flesh of those it strikes.
   It affects your strength (+5).
   It affects your resistance to hostile enchantments.
   It may make noises in combat.
 x - a +2 great sword of chaos
 I - a +2 scimitar of freezing
 S - the +8 falchion "Mogetel" {slice, Int+4}
   (You found it on level 6 of the Lair of Beasts)

   It inflicts extra damage upon your enemies.
   It affects your intelligence (+4).
Missiles
 K - 5 throwing nets (quivered)
Armour
 i - the +1 pair of gloves of the Black Moon (worn) {Str+2}
   (You acquired it on level 1 of the Lair of Beasts)

   It affects your strength (+2).
 o - a +2 cloak (worn)
 w - the +3 ring mail "Ofe Jil" {rF- Str-2 Dex+8 SInv, unknown}
   (You found it on level 3 of the Shoals)

   It affects your strength (-2).
   It affects your dexterity (+8).
   It makes you vulnerable to fire.
   It lets you see invisible.
 B - the +5 chain mail "Wipn" (worn) {*Drain Str+4 SInv}
   (You found it on level 5 of the Dungeon)

   It affects your strength (+4).
   It lets you see invisible.
   It causes draining when unequipped.
 M - a +0 pair of boots of flying (worn)
 R - the cursed +1 plate armour of Fun and Games {*Corrode rPois rN+}
   (You found it on level 8 of the Lair of Beasts)

   It protects you from poison.
   It protects you from negative energy.
   It may corrode your equipment when you take damage.
   It has a curse placed upon it.
 Y - the +0 large shield of Incorporation (worn) {-Cast rN+ Int+3}
   (Okawaru gifted it to you on level 8 of the Lair of Beasts)

   It affects your intelligence (+3).
   It protects you from negative energy.
   It prevents spellcasting.
Jewellery
 e - an uncursed amulet of magic regeneration
 l - a +2 ring of protection (left hand)
 u - an uncursed ring of fire
 v - an uncursed ring of resist corrosion {unknown}
 y - an amulet of guardian spirit (around neck)
 N - a +2 ring of evasion (right hand)
 X - an uncursed ring of poison resistance
Wands
 c - a wand of disintegration (6/24)
 z - a wand of enslavement (19/24)
 A - a wand of flame (31/48)
 H - a wand of heal wounds (0/9)
 O - a wand of iceblast (8/15)
 Q - a wand of iceblast (6/15)
 Z - a wand of enslavement (10/24)
Scrolls
 g - 3 scrolls of fog
 h - 8 scrolls of remove curse
 j - 3 scrolls of magic mapping
 p - 2 scrolls of brand weapon
 r - a scroll of amnesia
 P - 2 scrolls of fear
 U - 7 scrolls of enchant weapon
 W - a scroll of recharging
Potions
 d - a potion of might
 q - 5 potions of lignification
 t - 2 potions of resistance
 C - a potion of agility
 E - 6 potions of magic
 G - a potion of curing
 V - 2 potions of brilliance
Books
 s - a book of Unlife

   Spells                             Type                      Level
   a - Recall                         Summoning/Translocation      3
   b - Animate Dead                   Necromancy                   4
   c - Control Undead                 Necromancy                   4
   d - Cigotuvi's Embrace             Necromancy                   5
   e - Death Channel                  Necromancy                   6
   f - Simulacrum                     Ice/Necromancy               6
 J - a book of Necromancy

   Spells                             Type                      Level
   a - Pain                           Necromancy                   1
   b - Animate Skeleton               Necromancy                   1
   c - Vampiric Draining              Necromancy                   3
   d - Regeneration                   Charms/Necromancy            3
   e - Animate Dead                   Necromancy                   4
   f - Control Undead                 Necromancy                   4
 L - a book of Enchantments

   Spells                             Type                      Level
   a - Cause Fear                     Hexes                        4
   b - Yara's Violent Unravelling     Hexes/Transmutation          5
   c - Silence                        Hexes/Air                    5
   d - Deflect Missiles               Charms/Air                   6
   e - Haste                          Charms                       6
   f - Discord                        Hexes                        8
Miscellaneous
 k - a plain deck of defence {drawn: 5}
 D - a plain deck of escape
 F - an ornate deck of defence {drawn: 4}
 T - a plain deck of defence {drawn: 3}
Comestibles
 f - 13 bread rations
 m - 8 meat rations
 n - 18 fruits


   Skills:
 + Level 14.8 Fighting
 + Level 12.5 Long Blades
 + Level 11.6 Polearms
 + Level 13.2 Armour
 - Level 8.8 Dodging
 + Level 14.0 Shields
 - Level 4.2 Spellcasting
 - Level 6.0 Translocations
 - Level 7.9 Transmutations


You had 13 spell levels left.
You knew the following spells:

 Your Spells              Type           Power        Failure   Level  Hunger
a - Dragon Form           Trmt           ###.......   100%        7    #######
b - Passage of Golubria   Tloc           N/A          69%         4    ####...


Dungeon Overview and Level Annotations

Branches:
Dungeon (12/15)            Temple (1/1) D:4            Lair (8/8) D:9
 Shoals (4/4) Lair:5       Spider (0/4) Lair:5        Slime (0/6) Lair:8
    Orc (2/2) D:12            Elf (0/3) Orc:2

Altars:
Ashenzari
Cheibriados
Dithmenos
Elyvilon
Fedhas
Gozag
Kikubaaqudgha
Makhleb
Nemelex Xobeh
Okawaru
Pakellas
Qazlal
Ru
Sif Muna
Trog
Vehumet
Xom
Yredelemnul
Zin
The Shining One
Beogh
Jiyva

Shops:
D:11 (   D:12 *   Orc:1 *   Orc:2 }*[(   Shoals:2 [

Annotations:
D:5 Pikel
Shoals:1 exclusion: Roxanne, Roxanne
Shoals:4 Ilsuiw


Innate Abilities, Weirdness & Mutations

You are under a permanent stasis effect.
You can dig through walls and to a lower floor.
Your four strong arms can wield two-handed weapons with a shield.
You have a pair of large antennae on your head (SInv).
You possess an exceptional clarity of mind.
You sometimes yell uncontrollably at your foes.


Message History

* * * LOW HITPOINT WARNING * * *
A water elemental comes into view.
Drink which item? (? for menu, Esc to quit)
Okay, then.
Drink which item? (? for menu, Esc to quit)
You feel better.
The harpy screeches!
You block the harpy's attack. The harpy claws you.
* * * LOW HITPOINT WARNING * * *
You block the harpy's attack. The harpy closely misses you.
The harpy misses you. You block the harpy's attack. x2
The harpy closely misses you. x2; The harpy claws you.
* * * LOW HITPOINT WARNING * * *
Are you sure you want to shaft yourself?
You feel quite a bit more hungry.
The harpy screeches! x2
You block the harpy's attack. x5; The harpy claws you!
* * * LOW HITPOINT WARNING * * *
The harpy claws you!
You die...

## #..≈....≈≈≈≈≈≈≈≈≈≈≈≈≈≈≈≈≈≈≈
#.## #.......≈≈≈≈≈≈≈≈≈≈≈≈≈≈≈≈≈≈≈
.≈..###........≈≈≈≈≈≈≈≈≈≈≈≈≈≈≈≈≈≈
≈≈≈...≈≈≈.....m.≈≈≈≈≈≈≈≈≈≈≈≈ ≈≈≈
≈≈≈≈≈≈≈≈≈..(###.≈≈≈≈≈≈≈≈≈≈≈≈ ≈≈≈
≈≈≈≈≈≈≈≈≈.)## #..≈≈≈≈≈≈≈≈≈.≈ ≈≈≈
≈≈≈≈≈≈≈≈[)## #(t.≈≈≈≈≈≈≈≈≈≈ ≈≈≈
≈≈≈≈.≈≈≈(># ##H.H≈≈≈≈≈≈≈..≈≈ ≈≈
≈≈≈≈....)[# ##.H@H≈≈≈≈≈≈≈..≈≈ ≈≈
≈≈≈≈....%.# #..(E(≈≈≈≈≈≈≈..≈≈≈ ≈
≈≈≈..##≈≈.###.[...≈≈≈≈≈≈≈...≈≈≈ ≈
≈≈≈..#[≈≈.(.....<.E≈≈≈≈≈≈≈.≈≈≈≈ ≈
≈≈≈≈≈........###..≈≈≈≈..≈≈.≈≈≈≈
≈≈≈≈........## #..≈≈≈≈..≈≈≈≈≈≈≈
.....≈......{###m.≈≈E...≈.≈≈≈≈≈
.....≈≈≈...≈..#.(.≈.........≈≈≈≈
.###..≈≈...≈≈≈≈≈≈≈≈...........≈≈≈


You could see 2 merfolk aquamancers, a snapping turtle, 3 water elementals and 4
harpies.

Vanquished Creatures
  An Ice Fiend (IceCv)
  Frances (Shoals:2)
  Gastronok (Lair:2)
  Kirke (Shoals:1)
  Donald (Orc:1)
  2 orc warlords
  Maud (Orc:1)
  7 merfolk javelineers
  The ghost of bullock the Cleaver, a journeyman HOGl of Makhleb (IceCv)
  5 merfolk impalers
  6 hydras
  Harold (Lair:2)
  3 merfolk aquamancers
  The ghost of WhatIsLove the Nimble, a novice DsMo of Cheibriados (Lair:1)
  18 death yaks
  An orc high priest (Orc:2)
  5 sea snakes
  4 hill giants
  21 harpies
  4 griffons
  A lindwurm (Lair:4)
  2 orc knights
  4 orc sorcerers
  4 oklob plants (Lair:7)
  7 manticores
  5 fauns
  2 cyclopes
  3 sirens
  4 water nymphs
  3 black mambas
  A toenail golem (Volcano)
  3 gargoyles
  7 elephants
  2 molten gargoyles (Volcano)
  Joseph (D:10)
  13 spiny frogs
  An ice statue (IceCv)
  4 komodo dragons
  3 freezing wraiths (IceCv)
  An efreet (Volcano)
  7 ice devils (IceCv)
  3 kobold demonologists (D:12)
  4 fire drakes
  An anaconda simulacrum (IceCv)
  A spriggan druid (Lair:8)
  2 golden dragon simulacra (IceCv)
  8 trolls
  19 merfolk
  5 polar bears (Lair:8)
  40 blink frogs
  A two-headed ogre (D:9)
  3 redbacks (Lair:8)
  6 snapping turtles
  12 spriggans (Lair:8)
  6 water elementals
  2 dire elephant simulacra (IceCv)
  A wraith (D:12)
  4 wyverns
  4 basilisks
  51 yaks
  3 fire bats (Volcano)
  2 hungry ghosts
  9 hippogriffs
  4 wargs
  4 iron troll simulacra (IceCv)
  22 wolves
  7 harpy simulacra (IceCv)
  A soldier ant (D:12)
  3 hydra simulacra (IceCv)
  The ghost of Reinor the Sneak, an amateur SpAK of Lugonu (D:4)
  13 water moccasins
  7 porcupines
  Duvessa (D:5)
  37 orc warriors
  4 slaves (D:5)
  4 sky beasts
  4 wasps
  3 phantoms
  11 black bears
  6 ice beasts
  A necrophage (D:7)
  6 centaurs
  11 ogres
  13 crocodiles
  7 big kobolds
  5 gnoll sergeants
  An earth elemental (Volcano)
  24 giant frogs
  Dowan (D:5)
  A wyvern skeleton (D:12)
  3 scorpions
  20 killer bees
  3 electric eels
  7 draconian simulacra (IceCv)
  A centaur zombie (D:10)
  2 crimson imps
  2 jellies
  A lava snake (Volcano)
  25 orc priests
  4 hounds
  21 orc wizards
  4 centaur skeletons
  A giant frog skeleton (D:12)
  10 iguanas
  4 troll simulacra (IceCv)
  6 worker ants
  2 polar bear simulacra (IceCv)
  2 spriggan simulacra (IceCv)
  2 centaur simulacra (IceCv)
  2 hound zombies
  9 gnolls
  A naga simulacrum (IceCv)
  2 ogre simulacra (IceCv)
  62 river rats
  20 adders
  3 shadow imps
  4 white imps (IceCv)
  4 ufetubi (IceCv)
  An ooze (D:5)
  An adder skeleton (D:7)
  A worm (D:5)
  6 giant geckos
  126 orcs
  17 ball pythons
  6 giant cockroaches
  8 goblins
  10 hobgoblins
  6 jackals
  4 quokkas
  8 bats
  5 giant newts
  27 kobolds
  2 quokka skeletons
  30 rats
  2 fire vortices (Volcano)
  4 plants (Shoals:2)
  2 tentacles (Shoals:2)
1045 creatures vanquished.

Vanquished Creatures (collateral kills)
  An orc sorcerer (Orc:2)
  2 river rats (Lair:6)
  3 orcs (Orc:2)
  A plant (Lair:6)
7 creatures vanquished.

Vanquished Creatures (others)
  A merfolk (Shoals:3)
  A water elemental (Shoals:3)
  3 humans (Shoals:1)
  8 fungi
  27 plants
  13 tentacles (Shoals:2)
  576 tentacle segments (Shoals:2)
629 creatures vanquished.

Grand Total: 1681 creatures vanquished

Notes
Turn   | Place    | Note
--------------------------------------------------------------
     0 | D:1      | KarvaRausku the Formicid Fighter began the quest for the Orb.
     0 | D:1      | Reached XP level 1. HP: 18/18 MP: 1/1
   125 | D:1      | Reached XP level 2. HP: 17/24 MP: 2/2
   479 | D:1      | Reached XP level 3. HP: 24/30 MP: 3/3
   639 | D:1      | Reached skill level 4 in Fighting
  1018 | D:2      | Reached XP level 4. HP: 9/37 MP: 4/4
  1951 | D:3      | Reached XP level 5. HP: 41/43 MP: 5/5
  2144 | D:3      | Reached skill level 5 in Fighting
  2533 | D:4      | Noticed Reinor's ghost (amateur SpAK)
  2555 | D:4      | Killed Reinor's ghost
  2555 | D:4      | Reached XP level 6. HP: 22/52 MP: 6/6
  2587 | D:4      | HP: 2/52 [poisoned by a scorpion]
  2595 | D:4      | HP: 2/52 [poisoned by a scorpion]
  2935 | D:4      | Found a staircase to the Ecumenical Temple.
  2959 | Temple   | Entered the Ecumenical Temple
  3150 | D:4      | Reached skill level 6 in Fighting
  3404 | D:5      | Entered Level 5 of the Dungeon
  3424 | D:5      | Reached XP level 7. HP: 53/58 MP: 7/7
  3430 | D:5      | Reached skill level 5 in Long Blades
  3461 | D:5      | Found an iron altar of Okawaru.
  3462 | D:5      | Found a glowing golden altar of the Shining One.
  3462 | D:5      | Found a bloodstained altar of Trog.
  3468 | D:5      | Became a worshipper of Warmaster Okawaru
  3479 | D:5      | Got a polished chain mail
  3492 | D:5      | Identified the +5 chain mail "Wipn" {*Drain Str+4 SInv} (You found it on level 5 of the Dungeon)
  3533 | D:5      | Noticed Duvessa
  3533 | D:5      | Noticed Dowan
  3571 | D:5      | Killed Duvessa
  3576 | D:5      | Killed Dowan
  3576 | D:5      | Reached skill level 7 in Fighting
  3642 | D:5      | Reached XP level 8. HP: 31/67 MP: 8/8
  3708 | D:5      | Reached * piety under Okawaru
  3754 | D:5      | Noticed Pikel
  3822 | D:5      | Found a glowing drain.
  3833 | Sewer    | Entered a sewer
  4487 | Sewer    | Reached skill level 8 in Fighting
  5089 | D:6      | Reached ** piety under Okawaru
  5089 | D:6      | Reached skill level 1 in Dodging
  5269 | D:6      | Reached XP level 9. HP: 73/75 MP: 9/9
  5978 | D:7      | Reached skill level 5 in Shields
  6210 | D:7      | Reached *** piety under Okawaru
  6210 | D:7      | Reached skill level 9 in Fighting
  6292 | D:7      | You fall through a shaft for 2 floors!
  6567 | D:9      | Noticed a troll
  6578 | D:8      | Killed a troll
  6578 | D:8      | Reached skill level 5 in Armour
  6651 | D:8      | Found a basalt altar of Yredelemnul.
  6734 | D:8      | Reached XP level 10. HP: 70/83 MP: 10/10
  6907 | D:8      | Reached **** piety under Okawaru
  7215 | D:7      | Received a gift from Okawaru
  7881 | D:8      | Found a white marble altar of Elyvilon.
  7939 | D:8      | Found a glowing silver altar of Zin.
  8210 | D:9      | Reached skill level 10 in Fighting
  8232 | D:9      | Found a sacrificial altar of Ru.
  8342 | D:9      | Reached ***** piety under Okawaru
  8563 | D:9      | Found a staircase to the Lair.
  8705 | D:9      | Reached XP level 11. HP: 51/90 MP: 11/11
  8715 | D:9      | Found a deep blue altar of Sif Muna.
  8781 | D:10     | Entered Level 10 of the Dungeon
  8920 | D:9      | Reached skill level 5 in Dodging
  8975 | D:10     | Noticed a hill giant
  8989 | D:10     | Killed a hill giant
  9259 | D:10     | Noticed Joseph
  9393 | D:10     | Killed Joseph
  9450 | D:10     | Received a gift from Okawaru
  9504 | D:10     | Got a transparent ring mail {god gift}
  9611 | D:10     | Identified the +3 ring mail "Wetugoaf" {Dex+3} (Okawaru gifted it to you on level 10 of the Dungeon)
  9737 | D:10     | HP: 2/92 [yak (12)]
 10074 | D:10     | Got a translucent quarterstaff
 10075 | D:10     | Identified the +1 quarterstaff of Sacuonyl {venom, rF+} (You found it on level 10 of the Dungeon)
 10709 | D:11     | Noticed a hill giant
 10724 | D:11     | Killed a hill giant
 10724 | D:11     | Reached skill level 11 in Fighting
 10724 | D:11     | Reached skill level 10 in Long Blades
 10758 | D:11     | Noticed a six-headed hydra
 10771 | D:11     | Killed a seven-headed hydra
 10771 | D:11     | Reached XP level 12. HP: 23/100 MP: 12/12
 10984 | D:11     | Noticed a six-headed hydra
 11117 | Lair:1   | Entered Level 1 of the Lair of Beasts
 11291 | Lair:1   | Noticed WhatIsLove's ghost (novice DsMo)
 12077 | D:9      | You fall through a shaft for 3 floors!
 12871 | D:11     | Found Pumu's Weapon Boutique.
 13118 | D:12     | Found Qafaast's Assorted Antiques.
 13144 | D:12     | Bought a runed great sword for 143 gold pieces
 13144 | D:12     | Bought a glowing great sword for 143 gold pieces
 13333 | D:12     | Reached skill level 10 in Shields
 13473 | D:12     | Found a staircase to the Orcish Mines.
 13494 | D:12     | Received a gift from Okawaru
 13513 | D:12     | Reached skill level 12 in Fighting
 13567 | D:12     | Got a twisted robe
 13568 | D:12     | Identified the +1 robe of Bibluux {rElec rPois Regen+ Int+4} (You found it on level 12 of the Dungeon)
 13655 | D:9      | Killed a ten-headed hydra
 13655 | D:9      | Reached XP level 13. HP: 95/108 MP: 13/13
 13842 | D:9      | HP: 5/108 [poisoned by WhatIsLove's ghost]
 13848 | D:9      | HP: 5/108 [poisoned by WhatIsLove's ghost]
 13856 | D:9      | HP: 5/108 [poisoned by WhatIsLove's ghost]
 14328 | Orc:1    | Entered Level 1 of the Orcish Mines
 14374 | Orc:1    | Found Rupueg's Assorted Antiques.
 14380 | Orc:1    | Noticed an orc warlord
 14915 | D:12     | Killed an orc warlord
 15064 | Orc:1    | Bought a scroll labeled OSULEA NELI for 38 gold pieces
 15232 | Orc:2    | Entered Level 2 of the Orcish Mines
 15232 | Orc:2    | Noticed Maud
 15232 | Orc:2    | Noticed Donald
 15653 | Lair:1   | Identified a scroll of acquirement
 15654 | Lair:1   | Got a pair of encrusted gloves
 15713 | D:9      | Identified the +1 pair of gloves of the Black Moon {Str+2} (You acquired it on level 1 of the Lair of Beasts)
 15943 | Lair:2   | Noticed Gastronok
 15951 | Lair:2   | Killed Gastronok
 15951 | Lair:2   | Reached skill level 10 in Armour
 16015 | Lair:2   | Reached ****** piety under Okawaru
 16032 | Lair:2   | Noticed Harold
 16052 | Lair:2   | Killed Harold
 16220 | Lair:2   | Learned a level 7 spell: Dragon Form
 16225 | Lair:2   | Learned a level 4 spell: Passage of Golubria
 16230 | Lair:2   | Received a gift from Okawaru
 16498 | Lair:2   | Reached skill level 1 in Transmutations
 16692 | Lair:3   | Reached skill level 1 in Spellcasting
 16698 | Lair:3   | Reached skill level 1 in Translocations
 16817 | Lair:3   | Reached XP level 14. HP: 83/116 MP: 16/16
 16855 | Lair:3   | Received a gift from Okawaru
 17460 | Lair:4   | Found a dark tunnel.
 17521 | Volcano  | Entered a volcano
 17750 | Volcano  | Found a radiant altar of Vehumet.
 17756 | Volcano  | Reached skill level 13 in Fighting
 18975 | Lair:2   | Received a gift from Okawaru
 18980 | Lair:2   | Got a fine demon trident {god gift}
 18982 | Lair:2   | Identified the +10 demon trident of Circularity {venom, *Noise MR+ Str+5} (Okawaru gifted it to you on level 2 of the Lair of Beasts)
 19058 | Lair:5   | Found a staircase to the Shoals.
 19066 | Lair:5   | Reached skill level 1 in Polearms
 19267 | Lair:5   | Reached skill level 5 in Polearms
 19488 | Lair:5   | Found a hole to the Spider Nest.
 20291 | Lair:6   | Received a gift from Okawaru
 20762 | Lair:6   | Reached skill level 5 in Transmutations
 20762 | Lair:6   | Reached XP level 15. HP: 120/123 MP: 20/20
 20816 | Lair:6   | Got an encrusted falchion
 20817 | Lair:6   | Identified the +8 falchion "Mogetel" {slice, Int+4} (You found it on level 6 of the Lair of Beasts)
 21934 | Lair:7   | Received a gift from Okawaru
 21943 | Lair:7   | Got a translucent spear {god gift}
 21944 | Lair:7   | Identified the +11 spear of the Iron City of Dis {flame, rN+} (Okawaru gifted it to you on level 7 of the Lair of Beasts)
 22989 | Lair:7   | Got a faintly glowing battleaxe
 22991 | Lair:7   | Identified the +7 battleaxe of Disharmony {chop, *Confuse rElec rF+} (You found it on level 7 of the Lair of Beasts)
 23006 | Lair:7   | Got a transparent scale mail
 23146 | Lair:8   | Entered Level 8 of the Lair of Beasts
 23558 | Lair:8   | Received a gift from Okawaru
 23579 | Lair:8   | Got a fine large shield {god gift}
 23585 | Lair:8   | Identified the +0 large shield of Incorporation {-Cast rN+ Int+3} (Okawaru gifted it to you on level 8 of the Lair of Beasts)
 23654 | Lair:8   | Found a viscous altar of Jiyva.
 23654 | Lair:8   | Found a staircase to the Slime Pits.
 24254 | Lair:8   | Reached skill level 5 in Translocations
 24496 | Lair:8   | Got a bloodstained plate armour
 24939 | Lair:1   | Killed WhatIsLove's ghost
 24939 | Lair:1   | Reached XP level 16. HP: 104/131 MP: 18/22
 25091 | Orc:1    | Bought a scroll of identify for 76 gold pieces
 25093 | Orc:1    | Identified the cursed +1 plate armour of Fun and Games {*Corrode rPois rN+} (You found it on level 8 of the Lair of Beasts)
 25154 | Orc:1    | Killed Maud
 25180 | Orc:1    | Killed Donald
 25760 | Orc:2    | Found a roughly hewn altar of Beogh.
 25826 | Orc:2    | Found Qihuix's Assorted Antiques.
 25834 | Orc:2    | Bought a brightly glowing falchion for 224 gold pieces
 25834 | Orc:2    | Bought a scroll labeled GAC FOSTRAGIP for 28 gold pieces
 25841 | Orc:2    | Identified the cursed +2 falchion "Embalmer" {vamp, rF+ Str+3} (You bought it in a shop on level 2 of the Orcish Mines)
 25996 | Orc:2    | Found a staircase to the Elven Halls.
 26022 | Orc:2    | Found a roughly hewn altar of Beogh.
 26212 | Orc:2    | Found Caryq's Antique Armour Shop.
 26213 | Orc:2    | Found a roughly hewn altar of Beogh.
 26216 | Orc:2    | Found Gycaynt's Antique Weapon Boutique.
 26316 | Orc:2    | Found a roughly hewn altar of Beogh.
 26349 | Orc:2    | Found Wovoan's Gadget Emporium.
 26398 | Orc:2    | Found a roughly hewn altar of Beogh.
 26514 | Orc:2    | Found a roughly hewn altar of Beogh.
 26791 | Orc:1    | Received a gift from Okawaru
 27010 | Shoals:1 | Entered Level 1 of the Shoals
 27046 | Shoals:1 | Noticed Kirke
 27057 | Shoals:1 | Killed Kirke
 27090 | Shoals:1 | Noticed Roxanne
 27920 | Shoals:1 | Reached skill level 14 in Fighting
 28031 | Shoals:2 | Noticed a kraken
 28058 | Shoals:2 | Noticed Frances
 28597 | Shoals:2 | Killed Frances
 29096 | Shoals:3 | Found a frozen archway.
 29101 | Shoals:3 | Got a faintly glowing ring mail
 29116 | IceCv    | Entered an ice cave
 29471 | IceCv    | Noticed bullock's ghost (journeyman HOGl)
 29484 | IceCv    | Killed bullock's ghost
 29896 | IceCv    | Reached XP level 17. HP: 116/139 MP: 20/23
 29984 | IceCv    | Reached skill level 10 in Polearms
 30044 | IceCv    | Received a gift from Okawaru
 30337 | IceCv    | Noticed an Ice Fiend
 30349 | IceCv    | Killed an Ice Fiend
 30385 | IceCv    | Got a transparent hand axe
 30418 | IceCv    | Gained mutation: You occasionally shout uncontrollably at your foes. [potion of mutation]
 30418 | IceCv    | Gained mutation: You sometimes yell uncontrollably at your foes. [potion of mutation]
 30418 | IceCv    | Gained mutation: You possess an exceptional clarity of mind. [potion of mutation]
 30529 | Shoals:2 | Found Ejues's Armour Shop.
 30791 | Shoals:2 | Found Ycush's Weapon Shoppe.
 30946 | Lair:5   | Identified the +9 hand axe "Letabb" {elec, rN+ MR++ Dex-2 Stlth+} (You found it in an ice cave)
 31152 | Shoals:2 | Received a gift from Okawaru
 31743 | Shoals:4 | Entered Level 4 of the Shoals
 31784 | Shoals:4 | Noticed Ilsuiw
 32705 | Shoals:3 | Received a gift from Okawaru
 32876 | Shoals:3 | Slain by a harpy

Vault maps used:
D:1:      minmay_arrival_diagonal_passages, moated_statue,
          minmay_misc_feat_diagonals, st_stairs_14
D:4:      minmay_temple_entry_enclosed_plants, dk_noncrumbling_4,
          lemuel_old_faithful
D:5:      grunt_temple_overflow_open, first_bread, portal_sewer_entry_e,
          uniq_duvessa, uniq_pikel
D:7:      grunt_ogre_cave
D:8:      kennysheep_ying_yang, kennysheep_mini
D:9:      nicolae_ru_awakened_eye, marbit_many_paths, minmay_lair_entry_lava,
          small_statue_intersection
D:10:     uniq_joseph
D:11:     serial_shops, nicolae_shop_window_shopping
D:12:     kennysheep_orc_monster_closet_entryway, serial_shops, shop_fountains
Temple:   triangle_lava_temple_12
Lair:2:   uniq_gastronok, uniq_harold
Lair:3:   grunt_megastairs_3, lemuel_fruit_tree
Lair:4:   nicolae_volcano_entry_vermiform, serial_bayou_shore_a
Lair:5:   minmay_shoals_entry_beasts, spider_nest_entry_web_field,
          serial_bayou_shore_b
Lair:6:   serial_bayou, serial_bayou_pond_b, serial_bayou_crossing,
          serial_bayou_pond_c, serial_bayou_ford_a, infiniplex_staircase_pool
Lair:7:   dpeg_oklob_gauntlet, serial_bayou_shore_b, grunt_megastairs_2,
          infiniplex_staircase_pool_2
Lair:8:   minmay_lair_end_enchanted_forest, dpeg_slime_entry_enclosed_altar,
          serial_bayou_pond_e, grunt_megastairs_1
Shoals:1: nicolae_shoals_mertower, uniq_roxanne, uniq_kirke
Shoals:2: serial_shops, shop, nicolae_shop_stone, shop, shop, uniq_frances
Shoals:3: portal_ice_cave_entry_pillars_01
Shoals:4: shoals_end_hangedman, shoal_ilsuiw, serial_shops, shop,
          nicolae_shoals_aquamancer_cove
Orc:1:    serial_shops, shop
Orc:2:    grunt_orc_community_town_hall, grunt_orc_community_big_house_1,
          grunt_orc_community_big_house_2, grunt_orc_community_house_1,
          grunt_orc_community_house_2, grunt_orc_community_house_3,
          grunt_orc_community_house_3, grunt_orc_community_house_1,
          grunt_orc_community_house_1, uniq_maud, uniq_donald
Sewer:    sewer_minmay_w
IceCv:    ice_cave_caverns_01
Volcano:  volcano_lake

Action                   |  1- 3 |  4- 6 |  7- 9 | 10-12 | 13-15 | 16-18 || total
-------------------------+-------+-------+-------+-------+-------+-------++-------
Melee: Long sword        |   121 |   216 |    76 |  1075 |       |       ||  1488
       Spear             |       |    23 |   514 |       |       |       ||   537
       Quarterstaff      |       |       |       |    16 |       |       ||    16
       Great sword       |       |       |       |   147 |   710 |    12 ||   869
       Demon trident     |       |       |       |       |    68 |  1015 ||  1083
       Rapier            |       |       |       |       |     3 |       ||     3
       Falchion          |       |       |       |       |   664 |    68 ||   732
Throw: Javelin           |       |       |     4 |     8 |     4 |       ||    16
       Throwing net      |       |       |       |       |       |     2 ||     2
 Abil: Shaft Self        |       |       |     1 |     1 |       |     1 ||     3
       Dig               |       |       |       |     2 |     9 |     1 ||    12
Evoke: Deck              |       |       |       |     4 |     2 |     6 ||    12
       Wand              |       |       |       |     1 |     1 |    12 ||    14
       Sack of spiders   |       |       |       |       |     1 |     2 ||     3
  Use: Potion            |       |       |     3 |     2 |     6 |    13 ||    24
       Scroll            |       |       |       |    16 |    11 |    10 ||    37
 Stab: Invisible         |       |       |       |       |     1 |       ||     1
       Distracted        |       |       |       |       |       |     1 ||     1
  Eat: Chunk             |       |     9 |    10 |    15 |    16 |     9 ||    59
       Royal jelly       |       |       |     1 |     1 |       |       ||     2
       Pizza             |       |       |       |     3 |       |       ||     3
       Meat ration       |       |       |       |     2 |     3 |     2 ||     7
       Fruit             |       |       |       |     2 |     5 |     1 ||     8
       Beef jerky        |       |       |       |       |     3 |     8 ||    11
       Bread ration      |       |       |       |       |     1 |       ||     1
